 Dungeon Crawl Stone Soup version 0.24.0-123-gd5b16e6ec5 (webtiles) character file.

Game seed: 7176061946688735627, levelgen mode: deterministic

82 hazymike the Firebug (level 4, -2/35 HPs)
             Began as a Draconian Fire Elementalist on Feb 5, 2020.
             Slain by Sigmund
             ... wielding a +0 scythe
              (14 damage)
             ... on level 2 of the Dungeon.
             The game lasted 00:14:22 (2397 turns).

hazymike the Firebug (Draconian Fire Elementalist)  Turns: 2397, Time: 00:14:22

Health: -2/35      AC:  6    Str: 10    XL:     4   Next: 21%
Magic:  0/7        EV: 12    Int: 21    God:
Gold:   73         SH:  0    Dex: 12    Spells: 3/7 levels left

rFire    + . .     SeeInvis .   a - +0 dagger (venom)
rCold    + . .     Gourm    .   (no shield)
rNeg     . . .     Faith    .   (armour unavailable)
rPois    +         Spirit   .   (helmet restricted)
rElec    +         Reflect  .   (no cloak)
rCorr    +         Harm     .   (no gloves)
MR       .....                  f - +0 pair of boots
Stlth    +.........             (no amulet)
HPRegen  0.11/turn              (no ring)
MPRegen  0.10/turn              (no ring)

@: confused, brilliant, resistant, berserk cooldown, slowed, very slow
A: unfitting armour, fangs 1, hooves 1, blurry vision 1, cold-blooded,
MP-powered wands, AC +5
a: no special abilities


You were on level 2 of the Dungeon.
You were not hungry.

You visited 1 branch of the dungeon, and saw 2 of its levels.

You collected 73 gold pieces.

Inventory:

Hand Weapons
 a - a +0 dagger of venom (weapon)
Armour
 f - a +0 pair of boots (worn)
Scrolls
 c - 2 scrolls of amnesia {unknown}
 e - a scroll of immolation {unknown}
 i - 3 scrolls of identify {unknown}
Potions
 d - a potion of brilliance
Comestibles
 b - a ration
 h - a chunk of flesh


   Skills:
 + Level 1.3 Fighting
 + Level 2.2 Dodging
 - Level 2.0 Stealth
 + Level 2.4 Spellcasting
 + Level 1.7 Conjurations
 * Level 3.8 Fire Magic


You had 3 spell levels left.
You knew the following spells:

 Your Spells              Type           Power        Failure   Level  Hunger
a - Flame Tongue          Conj/Fire      ####.        1%          1    None
b - Conjure Flame         Conj/Fire      ####....     1%          3    ###....

Your spell library contained the following spells:

 Spells                   Type           Power        Failure   Level  Hunger
 Throw Flame              Conj/Fire      ####..       1%          2    ##.....
 Inner Flame              Hex/Fire       ###.....     2%          3    ###....
 Sticky Flame             Conj/Fire      ####....     5%          4    ####...
 Fireball                 Conj/Fire      ####......   13%         5    ######.


Dungeon Overview and Level Annotations

Branches:
Dungeon (2/15)

Altars:

Annotations:
D:2 1 exclusion, Sigmund


Innate Abilities, Weirdness & Mutations

Your plain brown scales are hard. (AC +5)
You cannot fit into any form of body armour.
You are cold-blooded and may be slowed by cold attacks.
You have very sharp teeth.
You have large cloven feet.
Scrolls take you a little longer to read.
You expend magic power (3 MP) to strengthen your wands.


Message History

You feel yourself moving faster!
You feel mighty!
Sigmund is suddenly surrounded by pale red light.
Sigmund gestures at you while chanting.
You are confused.
You feel a strong urge to attack something.
Sigmund gestures wildly while chanting.
Sigmund flickers and vanishes!
Deactivating autopickup; reactivate with Ctrl-A.
You feel your anger nearly subside.
A puff of flame appears from out of thin air!
The puff of flame hits you.
You are no longer berserk.
You are exhausted.
You feel yourself slow down.
It was a potion of resistance.
You feel protected.
You hear some strange, mumbled words.
You are more confused.
Something hits you!
You die...

#....# #.# #....# #.#
######....# #.# .....@....#
#.# ######### .........##
#.# #.......# @........# #.#
#.####.## .........# #.# #.#
#.# .........##########.#
#.# #.#
####........##..@.{.# #.#
#.# #........############.#
#.# #........# #........#
#.# #.......># #.########
#.# #........#####.# #.#
#........#...#.###########.#
#........#...#.#...........#
#........#...#.#.###########
..........#...#.#.#


There were no monsters in sight!

Vanquished Creatures
  3 adders (D:2)
  3 dart slugs
  A leopard gecko (D:1)
  4 bats
  A giant cockroach (D:1)
  6 goblins
  3 hobgoblins (D:2)
  6 jackals
  8 kobolds
  2 quokkas (D:2)
  A ball python (D:2)
  3 frilled lizards
  5 rats
46 creatures vanquished.

Notes
Turn   | Place    | Note
-------+----------+-------------------------------------------
     0 | D:1      | hazymike the Draconian Fire Elementalist began the quest
                  | for the Orb.
     0 | D:1      | Reached XP level 1. HP: 14/14 MP: 3/3
   257 | D:1      | Reached XP level 2. HP: 7/20 MP: 3/5
   269 | D:1      | HP: 1/22 [jackal (2)]
   903 | D:1      | Reached XP level 3. HP: 27/27 MP: 1/6
  1383 | D:2      | Learned a level 3 spell: Conjure Flame
  1695 | D:2      | Reached skill level 1 in Fighting
  1712 | D:2      | Noticed Sigmund
  2094 | D:2      | Reached XP level 4. HP: 29/35 MP: 2/7
  2391 | D:2      | Gained mutation: You have very sharp teeth. [potion of
                  | mutation]
  2391 | D:2      | Gained mutation: You have large cloven feet. [potion of
                  | mutation]
  2391 | D:2      | Gained mutation: Scrolls take you a little longer to read.
                  | [potion of mutation]
  2391 | D:2      | Gained mutation: You expend magic power (3 MP) to
                  | strengthen your wands. [potion of mutation]
  2397 | D:2      | Slain by Sigmund

Levels and vault maps discovered:
D:1:      wheals_arrival_shading, layout_basic
D:2:      layout_basic, uniq_sigmund

Skill      XL: |  1  2  3 |
---------------+----------+-----
Dodging        | 2 |  2.2
Stealth        | 2 |  2.0
Fighting       | 1 |  1.3
Spellcasting   | |  2.4
Conjurations   | |  1.7
Fire Magic     | |  3.8

Action                   |  1- 3 |  4- 6 || total
-------------------------+-------+-------++-------
Melee: Dagger            |    33 |       ||    33
       Tailslap          |     5 |       ||     5
 Cast: Flame Tongue      |    70 |     8 ||    78
       Conjure Flame     |       |     2 ||     2
  Use: Potion            |       |     4 ||     4
 Stab: Sleeping          |     1 |       ||     1
  Eat: Chunk             |     4 |     2 ||     6
Armor: Skin              |    23 |     3 ||    26
Dodge: Dodged            |    41 |     1 ||    42
